 Dungeon Crawl Stone Soup version 0.30.0-15-g856e2d3f33 (webtiles) character file.

Game seed: 2904533352982256904

2293 ProzacElf the Carver (level 9, -6/64 HPs)
             Began as a Demonspawn Delver on May 19, 2023.
             Was an Initiate of Nemelex Xobeh.
             Mangled by an orc warlord
             ... wielding a +3 broad axe
              (20 damage)
             ... in a bailey.
             The game lasted 00:17:32 (7243 turns).

ProzacElf the Carver (Demonspawn Delver)            Turns: 7243, Time: 00:17:33

Health: -6/64      AC: 12    Str: 17    XL:     9   Next: 17%
Magic:  0/13       EV: 13    Int: 11    God:    Nemelex Xobeh [......]
Gold:   352        SH:  4    Dex: 15    Spells: 7/8 levels left

rFire   . . .        b - +0 great sword (elec)
rCold   . . .        (shield currently unavailable)
rNeg    . . .        E - +0 acid dragon scales
rPois   +            r - +0 helmet
rElec   .            (no cloak)
rCorr   +            v - +0 pair of gloves
SInv    .            A - +2 pair of boots
Will    .....        I - amulet of magic regeneration
Stlth   +++          i - ring of poison resistance
HPRegen 0.30/turn    x - ring of wizardry
MPRegen 0.66/turn

%: guardian spirit, wizardry (x1)
@: invisible
A: hooves 2, rugged brown scales 1, magic shield, magic regeneration, magic
link, condensation shield
a: Renounce Religion, Draw Escape, Draw Destruction, Draw Summoning


You were in a bailey.
You worshipped Nemelex Xobeh.
Nemelex Xobeh was noncommittal.
You visited 2 branches of the dungeon, and saw 8 of its levels.
You also visited: Ossuary and Bailey.

You collected 352 gold pieces.

Inventory:

Hand Weapons
 a - a +2 long sword of draining
 b - a +0 great sword of electrocution (weapon)
 n - a +0 mace
 y - a +1 vampiric hand axe
 F - a +4 rapier
Missiles
 q - 28 boomerangs
 z - 11 poisoned darts (quivered)
 D - 2 curare-tipped darts
Armour
 m - a +0 leather armour
 o - a +0 ring mail
 r - a +0 helmet (worn)
 s - a +0 chain mail
 v - a +0 pair of gloves (worn)
 A - a +2 pair of boots (worn)
 E - +0 acid dragon scales (worn)
Magical Staves
 l - a staff of air
Jewellery
 i - a ring of poison resistance (left hand)
 x - a ring of wizardry (right hand)
 I - an amulet of magic regeneration (around neck)
Wands
 d - a wand of paralysis (6)
 g - a wand of digging (3)
 w - a wand of iceblast (1)
Scrolls
 c - 2 scrolls of fog
 e - 3 scrolls of fear
 h - 3 scrolls of enchant armour
 j - 3 scrolls of teleportation
 k - a scroll of immolation
 t - a scroll of poison
 G - a scroll of brand weapon
 L - a scroll of enchant weapon {unknown}
Potions
 f - 2 potions of flight
 p - a potion of resistance
 u - a potion of heal wounds
 B - a potion of might
 C - 4 potions of magic
 H - 2 potions of curing
 K - a potion of mutation {unknown}


   Skills:
 - Level 3.0 Fighting
 + Level 8.7 Long Blades
 - Level 2.6 Maces & Flails
 - Level 5.0 Dodging
 - Level 5.0 Stealth
 + Level 6.1 Invocations


You had 7 spell levels left.
You knew the following spells:

 Your Spells              Type           Power      Damage    Failure   Level
p - Apportation           Tloc           0%         N/A       19%         1

Your spell library contained the following spells:

 Spells                   Type           Power      Damage    Failure   Level
 Necrotise                Necr           0%         1d4       19%         1
 Summon Small Mammal      Summ           0%         N/A       19%         1
 Ignite Poison            Fire/Tmut/Pois 0%         N/A       47%         3
 Sticky Flame             Conj/Fire      0%         2d3       86%         4
 Ignition                 Fire           0%         3d3       100%        8


Dungeon Overview and Level Annotations

Branches:
Dungeon (7/15)             Temple (1/1) D:6         Ossuary (visited)
 Bailey (1/1)

Altars:
Ashenzari
Cheibriados
Dithmenos
Fedhas
Gozag
Hepliaklqana
Kikubaaqudgha
Makhleb
Nemelex Xobeh
Okawaru
Qazlal
Ru
Sif Muna
Trog
Uskayaw
Wu Jian
Xom
Yredelemnul

Annotations:
D:5 3 runed translucent doors, BlasphemerAmon's ghost, novice GnFi; roninjake's ghost, novice DsFi


Innate Abilities, Weirdness & Mutations

You have hoof-like feet.
You are partially covered in rugged brown scales. (AC +1, +3% HP)
When hurt, damage is shared between your health and your magic reserves.
You regenerate magic rapidly.
When low on magic, you restore magic in place of health.
A meltable shield of frost defends you. (SH +4)


Message History

Ye hit tha orc warlord but do nay damage.
Tha orc warlord hits ye but does nay damage.
Ye barely miss tha orc warlord.
Tha orc warlord hits ye wit' a +3 broad axe!
Tha orc warlord barely misses ye.
Ye take 6 damage, an' haf 58/64 hp.
Ye now haf 12/13 mp.
Ye slash tha orc warlord!
Tha orc warlord be lightly wounded.
Tha orc warlord hits ye wit' a +3 broad axe.
Ye take 3 damage, an' haf 55/64 hp.
Ye hit tha orc warlord.
Tha orc warlord be lightly wounded.
Tha orc warlord hits ye wit' a +3 broad axe!!
Ye take 18 damage, an' haf 37/64 hp.
MASSIVE DAMAGE!!
Ye now haf 8/13 mp.
Okay, than.
Aimin': Paralyse
Press: ? - help, Shift-Dir - straight line, f - orc warlord
Aim: an orc warlord, wieldin' a +3 broad axe an' wearin' a +0 chain mail (lightly wounded, un'ble ta see ye, chance ta affect: 17%) Tha orc warlord resists wit' almost nay effort.
Tha orc warlord hits ye wit' a +3 broad axe!!
* * * LOW HITPOINT WARNIN'
* * * Ye take 23 damage, an' haf 14/64 hp.
MASSIVE DAMAGE!!
Ye now haf 4/13 mp.
Aimin': Paralyse
Press: ? - help, Shift-Dir - straight line, f/p - orc warlord
Aim: an orc warlord, wieldin' a +3 broad axe an' wearin' a +0 chain mail (lightly wounded, un'ble ta see ye, chance ta affect: 17%) Tha orc warlord resists wit' almost nay effort.
Tha orc warlord barely misses ye.
Aimin': Paralyse
Press: ? - help, Shift-Dir - straight line, f/p - orc warlord
Aim: an orc warlord, wieldin' a +3 broad axe an' wearin' a +0 chain mail (lightly wounded, un'ble ta see ye, chance ta affect: 17%) Tha orc warlord resists wit' almost nay effort.
Tha orc warlord closely misses ye.
Ye regain'd 2 mp, an' now haf 6/13 mp.
Aimin': Paralyse
Press: ? - help, Shift-Dir - straight line, f/p - orc warlord
Aim: an orc warlord, wieldin' a +3 broad axe an' wearin' a +0 chain mail (lightly wounded, un'ble ta see ye, chance ta affect: 17%) Tha orc warlord resists wit' almost nay effort.
Tha orc warlord hits ye wit' a +3 broad axe!!
Ye die...
Yer body disappears without a glow.

#...8......#########÷..
##......####~~~#~~~##).
##))...#~~#~.....}~#÷.
##....#~........?~#..
#...##~8.8...8.8##..
#...'~~.........#...
#...'~~....∩....#...
#..o'~~.........#...
#..@##~8.8...8.8##..
##....#~........!~#..
##.....#~~#~.....)~#..
##......####~~~#~~~##..
#..÷8)..)..#########...
#..........).....'....8
#..........#~~~~~#.....
##..8..8...#~~~~~#.....
##.......##~~~~~##...8


You could see an orc warlord (unable to see you).

Vanquished Creatures
  An orc knight (Bailey)
  An acid dragon (D:5)
  An ice beast (D:5)
  An orc warrior (Bailey)
  An ogre (D:5)
  A phantom (D:3)
  2 bullfrogs (D:6)
  A gnoll sergeant (D:6)
  4 scorpions
  4 electric eels (D:6)
  2 orc priests
  An iron imp (D:5)
  4 jellies
  3 hounds
  2 sleepcaps (D:6)
  Ijyb (D:3)
  2 orc wizards (D:6)
  A mummy (Ossuary)
  Robin (D:3)
  10 gnolls
  10 adders
  2 white imps
  An ufetubus (D:5)
  5 worms
  13 dart slugs
  16 orcs
  3 spectral bats (Ossuary)
  9 endoplasms
  12 gnoll zombies (Ossuary)
  17 goblins
  10 hobgoblins
  4 jackals
  3 quokkas
  7 ball pythons
  7 bats
  2 bat simulacra (Ossuary)
  7 frilled lizards
  2 goblin simulacra (Ossuary)
  3 goblin zombies (Ossuary)
  7 hobgoblin zombies (Ossuary)
  12 kobolds (Bailey)
  4 kobold simulacra (Ossuary)
  3 kobold zombies (Ossuary)
  5 orc zombies (Ossuary)
  6 rats
  5 rat simulacra (Ossuary)
  3 spectral goblins (Ossuary)
  3 spectral kobolds (Ossuary)
  A spectral rat (Ossuary)
226 creatures vanquished.

Notes
Turn   | Place    | Note
-------+----------+-------------------------------------------
     0 | D:5      | ProzacElf the Demonspawn Delver began the quest for the
                  | Orb.
     0 | D:5      | Reached XP level 1. HP: 18/18 MP: 1/1
   103 | D:4      | Gained mutation: You regenerate magic rapidly. [demonic
                  | ancestry]
   103 | D:4      | Reached XP level 2. HP: 16/24 MP: 2/2
   182 | D:3      | HP: 1/24 [adder (2)]
   188 | D:3      | Reached skill level 5 in Stealth
   365 | D:2      | Reached XP level 3. HP: 29/29 MP: 3/3
  1348 | D:2      | Reached skill level 1 in Long Blades
  1362 | D:2      | Gained mutation: A meltable shield of frost defends you.
                  | (SH +4) [demonic ancestry]
  1362 | D:2      | Reached XP level 4. HP: 18/35 MP: 4/4
  2000 | D:3      | Found a shadowy altar of Dithmenos.
  2178 | D:3      | Reached skill level 2 in Long Blades
  2202 | D:3      | Found a hazy altar of Hepliaklqana.
  2276 | D:3      | Noticed a phantom
  2287 | D:3      | Killed a phantom
  2288 | D:3      | Gained mutation: When hurt, damage is shared between your
                  | health and your magic reserves. [demonic ancestry]
  2288 | D:3      | Reached XP level 5. HP: 31/41 MP: 5/5
  2433 | D:3      | Found a shimmering altar of Xom.
  2433 | D:3      | Found an iron altar of Okawaru.
  2485 | D:3      | Noticed Ijyb
  2486 | D:3      | Noticed Robin
  2502 | D:3      | Paralysed by Ijyb for 3 turns
  2509 | D:3      | Paralysed by Ijyb for 4 turns
  2519 | D:3      | Killed Ijyb
  2520 | D:3      | Reached skill level 3 in Long Blades
  2562 | D:3      | Killed Robin
  2738 | D:3      | Found a faded altar of an unknown god.
  2907 | D:4      | Gained mutation: You have large cloven feet. [demonic
                  | ancestry]
  2907 | D:4      | Reached XP level 6. HP: 46/47 MP: 6/6
  3132 | D:4      | Learned a level 1 spell: Apportation
  3696 | D:5      | Identified a scroll of acquirement
  3698 | D:5      | Acquired a +2 long sword of draining
  3759 | D:5      | Reached skill level 4 in Long Blades
  3887 | D:5      | Noticed an ice beast
  3900 | D:5      | Killed an ice beast
  3901 | D:5      | Gained mutation: When low on magic, you restore magic in
                  | place of health. [demonic ancestry]
  3901 | D:5      | Reached XP level 7. HP: 52/52 MP: 7/7
  4017 | D:5      | Found a snail-covered altar of Cheibriados.
  4052 | D:5      | Reached skill level 5 in Dodging
  4104 | D:5      | Reached skill level 5 in Long Blades
  4356 | D:5      | Reached skill level 6 in Long Blades
  4456 | D:5      | Found a runed translucent gate.
  4456 | D:5      | Found a runed translucent gate.
  4456 | D:5      | Found a runed translucent gate.
  4457 | D:5      | Noticed roninjake's ghost (novice DsFi)
  4458 | D:5      | Noticed BlasphemerAmon's ghost (novice GnFi)
  4653 | D:5      | Gained mutation: You have hoof-like feet. [demonic
                  | ancestry]
  4653 | D:5      | Reached XP level 8. HP: 36/58 MP: 6/8
  4678 | D:6      | Found a sand-covered staircase.
  4703 | Ossuary  | Entered an ossuary
  5549 | D:6      | Reached skill level 7 in Long Blades
  5886 | D:6      | Found a staircase to the Ecumenical Temple.
  5892 | Temple   | Entered the Ecumenical Temple
  5906 | Temple   | Became a worshipper of Nemelex Xobeh the Trickster
  6014 | D:6      | Reached skill level 1 in Invocations
  6471 | D:6      | Reached skill level 8 in Long Blades
  6517 | D:6      | Found a sacrificial altar of Ru.
  6862 | D:7      | Found a flagged portal.
  6880 | Bailey   | Entered a bailey
  6887 | Bailey   | Noticed an orc warlord
  6980 | Bailey   | Found a runed translucent gate.
  6983 | Bailey   | Found a runed translucent gate.
  6985 | Bailey   | Found a runed translucent gate.
  6986 | Bailey   | Noticed an orc knight
  7014 | Bailey   | Killed an orc knight
  7015 | Bailey   | Reached skill level 5 in Invocations
  7015 | Bailey   | Gained mutation: You are partially covered in rugged brown
                  | scales. (AC +1, +3% HP) [demonic ancestry]
  7015 | Bailey   | Reached XP level 9. HP: 49/64 MP: 6/13
  7243 | Bailey   | Mangled by an orc warlord

Illustrated notes

Levels and vault maps discovered:
D:1:      minmay_arrival_up_and_down, layout_basic
D:2:      minmay_chambers_of_twos, layout_loops_ring, st_stairs_5,
          wander_ebering_terrifying_dragon_lair
D:3:      layout_loops_cross, mainiacjoe_overflow_paths, lemuel_doored_altar,
          chequers_temple_overflow_statue_of_worship,
          shapermc_ecumenical_altar_mp_highgroup, reono_crystal_passage,
          nicolae_goblin_pals
D:4:      layout_loops_cross
D:5:      layout_loops_ring, slow_altar_1, gammafunk_ghost_cemetery
D:6:      kennysheep_slugbush, layout_loops_corners,
          nicolae_elyvilon_peaceful_grove, nicolae_overflow_crystal_walls,
          nicolae_ossuary_entry_monument
D:7:      layout_loops_ring, lightli_bailey_entry_fortress, uniq_joseph
Temple:   nicolae_temple_two_arcs
Bailey:   bailey_axe_bossmonster_kennysheep, bailey

Skill      XL: |  1  2  3  4  5  6  7  8  9 |
---------------+----------------------------+-----
Maces & Flails | 2 |  2.6
Stealth        | 5 |  5.0
Dodging        | 2 3 4 5 |  5.0
Long Blades    | 1 2 3 4 6 8 |  8.7
Invocations    | 5 6 |  6.1
Fighting       | |  3.0

Action                     |  1- 3 |  4- 6 |  7- 9 || total
---------------------------+-------+-------+-------++-------
  Melee: Mace              |    22 |       |       ||    22
         Great sword       |    81 |   166 |   129 ||   376
         Long sword        |       |    25 |   234 ||   259
         Kick              |       |     8 |       ||     8
         Punch             |       |       |     4 ||     4
  Throw: Dart              |       |       |     4 ||     4
  Evoke: Wand              |       |       |    14 ||    14
    Use: Potion            |     2 |     6 |     6 ||    14
         Scroll            |       |     6 |     5 ||    11
   Stab: Sleeping          |     5 |    17 |    13 ||    35
         Distracted        |       |     2 |       ||     2
         Paralysed         |       |       |     1 ||     1
         Invisible         |       |       |     1 ||     1
 Armour: Leather armour    |    20 |       |       ||    20
         Ring mail         |    34 |    71 |    12 ||   117
         Skin              |       |    19 |       ||    19
         Acid dragon scale |       |       |   102 ||   102
  Dodge: Dodged            |    91 |   141 |   212 ||   444
  Block: Other             |       |    44 |    64 ||   108

Action                     |  1- 3 |  4- 6 |  7- 9 || total
---------------------------+-------+-------+-------++-------
  Melee: Mace              |    22 |       |       ||    22
         Great sword       |    81 |   166 |   129 ||   376
         Long sword        |       |    25 |   234 ||   259
         Kick              |       |     8 |       ||     8
         Punch             |       |       |     4 ||     4
  Throw: Dart              |       |       |     4 ||     4
  Evoke: Wand              |       |       |    14 ||    14
    Use: Potion            |     2 |     6 |     6 ||    14
         Scroll            |       |     6 |     5 ||    11
   Stab: Sleeping          |     5 |    17 |    13 ||    35
         Distracted        |       |     2 |       ||     2
         Paralysed         |       |       |     1 ||     1
         Invisible         |       |       |     1 ||     1
 Armour: Leather armour    |    20 |       |       ||    20
         Ring mail         |    34 |    71 |    12 ||   117
         Skin              |       |    19 |       ||    19
         Acid dragon scale |       |       |   102 ||   102
  Dodge: Dodged            |    91 |   141 |   212 ||   444
  Block: Other             |       |    44 |    64 ||   108

Levels and vault maps discovered:
D:1:      minmay_arrival_up_and_down, layout_basic
D:2:      minmay_chambers_of_twos, layout_loops_ring, st_stairs_5,
          wander_ebering_terrifying_dragon_lair
D:3:      layout_loops_cross, mainiacjoe_overflow_paths, lemuel_doored_altar,
          chequers_temple_overflow_statue_of_worship,
          shapermc_ecumenical_altar_mp_highgroup, reono_crystal_passage,
          nicolae_goblin_pals
D:4:      layout_loops_cross
D:5:      layout_loops_ring, slow_altar_1, gammafunk_ghost_cemetery
D:6:      kennysheep_slugbush, layout_loops_corners,
          nicolae_elyvilon_peaceful_grove, nicolae_overflow_crystal_walls,
          nicolae_ossuary_entry_monument
D:7:      layout_loops_ring, lightli_bailey_entry_fortress, uniq_joseph
Temple:   nicolae_temple_two_arcs
Bailey:   bailey_axe_bossmonster_kennysheep, bailey
